PAAA
OCEANSIDE AVIATORS @ SALT LAKE CITY BUZZ
06/29/2020
 
TOP OF THE 1ST
Oceanside Aviators batting - Pitching for Salt Lake City Buzz : RHP Mike Humphrey
Pitching: RHP Mike Humphrey
Batting: RHB Eric D'Angle 0-0: Ball
1-0: Called Strike
1-1: Reached on Error, E9 (Flyball, 9LM)
Batting: LHB Robert Bond 0-0: Called Strike
0-1: Ball
1-1: Called Strike
1-2: Strikes out swinging
Batting: LHB George Valentine 0-0: SINGLE (Flyball, 7LS)
Eric D'Angle to second
Batting: SHB Robbie Anderson 0-0: Ball
Eric D'Angle is caught stealing 3rd base
George Valentine to second
1-0: Foul Ball, location: 2F
1-1: Foul Ball, location: 2F
1-2: Foul Ball, location: 2F
1-2: Strikes out swinging
Top of the 1st over - 0 run(s), 1 hit(s), 1 error(s), 1 left on base; Oceanside 0 - Salt Lake City 0
BOTTOM OF THE 1ST
Salt Lake City Buzz batting - Pitching for Oceanside Aviators : RHP Eduardo Molina
Pitching: RHP Eduardo Molina
Batting: RHB Roberto Ríos 0-0: Foul Ball, location: 2F
0-1: Ball
1-1: Ground out 5-3 (Groundball, 56)
Batting: RHB Clint Anthony 0-0: Ball
1-0: Foul Ball, location: 2F
1-1: Foul Ball, location: 2F
1-2: Ball
2-2: Foul Ball, location: 2F
2-2: Foul Ball, location: 2F
2-2: Ball
3-2: Fly out, F9 (Popup, 89S)
Batting: SHB Raymond Bright 0-0: Ball
1-0: Called Strike
1-1: Swinging Strike
1-2: Foul Ball, location: 2F
1-2: Fly out, F8 (Flyball, 8RM)
Bottom of the 1st over - 0 run(s), 0 hit(s), 0 error(s), 0 left on base; Oceanside 0 - Salt Lake City 0
TOP OF THE 2ND
Oceanside Aviators batting - Pitching for Salt Lake City Buzz : RHP Mike Humphrey
Batting: LHB Morgan Carney 0-0: Ball
1-0: Swinging Strike
1-1: Foul Ball, location: 2F
1-2: DOUBLE (Groundball, 3L)
Batting: RHB Don Brown 0-0: Foul Ball, location: 2F
0-1: Ball
1-1: Ball
2-1: Called Strike
2-2: SINGLE (Flyball, 89M)
Morgan Carney to third
Batting: RHB Juan Torres 0-0: Ball
1-0: Grounds into double play, 1-6-3 (Groundball, 15)
Batting: RHB Tim Little 0-0: Ball
1-0: Called Strike
1-1: Ball
2-1: Swinging Strike
2-2: Strikes out swinging
Top of the 2nd over - 0 run(s), 2 hit(s), 0 error(s), 1 left on base; Oceanside 0 - Salt Lake City 0
BOTTOM OF THE 2ND
Salt Lake City Buzz batting - Pitching for Oceanside Aviators : RHP Eduardo Molina
Batting: LHB Martín Núñes 0-0: Ball
1-0: Swinging Strike
1-1: Foul Ball, location: 2F
1-2: Foul Ball, location: 2F
1-2: Fly out, F4 (Popup, 4S)
Batting: SHB Wayne Saunders 0-0: Called Strike
0-1: Swinging Strike
0-2: Foul Ball, location: 2F
0-2: Ball
1-2: Ball
2-2: Ball
3-2: Fly out, F9 (Line Drive, 89M)
Batting: RHB Don MacNeilage 0-0: Ball
1-0: Swinging Strike
1-1: Ball
2-1: Swinging Strike
2-2: Ground out 1-3 (Groundball, 13S)
Bottom of the 2nd over - 0 run(s), 0 hit(s), 0 error(s), 0 left on base; Oceanside 0 - Salt Lake City 0
TOP OF THE 3RD
Oceanside Aviators batting - Pitching for Salt Lake City Buzz : RHP Mike Humphrey
Batting: RHB Jacob Holt 0-0: Ball
1-0: SINGLE (Flyball, 89S)
Batting: RHB Eric D'Angle 0-0: Called Strike
0-1: Ball
1-1: Ball
2-1: Called Strike
2-2: Ball
3-2: Foul Ball, location: 2F
3-2: Strikes out looking
Batting: LHB Robert Bond 0-0: Fly out, F9 (Flyball, 89M)
Batting: LHB George Valentine 0-0: Swinging Strike
0-1: Ball
1-1: Foul Ball, location: 2F
1-2: Strikes out looking
Top of the 3rd over - 0 run(s), 1 hit(s), 0 error(s), 1 left on base; Oceanside 0 - Salt Lake City 0
BOTTOM OF THE 3RD
Salt Lake City Buzz batting - Pitching for Oceanside Aviators : RHP Eduardo Molina
Batting: RHB Jim Coffey 0-0: Foul Ball, location: 2F
0-1: Ball
1-1: Ball
2-1: Foul Ball, location: 2F
2-2: DOUBLE (Flyball, 9LS)
Batting: RHB Patrick Clark 0-0: Ground out 5-3 (Groundball, 5)
Batting: SHB Shelby Reusch 0-0: Swinging Strike
0-1: Ball
1-1: Ball
2-1: Ground out 6-3 (Groundball, 6)
Batting: RHB Roberto Ríos 0-0: Called Strike
0-1: Reached on error, E5 (Groundball, 56)
Jim Coffey scores
Batting: RHB Clint Anthony 0-0: Ball
1-0: Foul Ball, location: 2F
1-1: SINGLE (Line Drive, 5)
Roberto Ríos to third
Batting: SHB Raymond Bright 0-0: Called Strike
0-1: SINGLE (Line Drive, 9LS)
Roberto Ríos scores
Clint Anthony to second
Batting: LHB Martín Núñes 0-0: Called Strike
0-1: Foul Ball, location: 2F
0-2: Fielders Choice at 2nd, U4 (Groundball, 4M)
Bottom of the 3rd over - 2 run(s), 3 hit(s), 1 error(s), 2 left on base; Oceanside 0 - Salt Lake City 2
TOP OF THE 4TH
Oceanside Aviators batting - Pitching for Salt Lake City Buzz : RHP Mike Humphrey
Batting: SHB Robbie Anderson 0-0: Foul Ball, location: 2F
0-1: Ball
1-1: Foul Ball, location: 2F
1-2: DOUBLE (Flyball, 89M)
Batting: LHB Morgan Carney 0-0: Ball
1-0: Ball
2-0: Ball
3-0: Called Strike
3-1: Foul Ball, location: 2F
3-2: Foul Ball, location: 2F
3-2: Strikes out swinging
Batting: RHB Don Brown 0-0: Called Strike
0-1: Swinging Strike
0-2: Ball
1-2: Strikes out looking
Batting: RHB Juan Torres 0-0: Ball
1-0: Ball
2-0: DOUBLE (Flyball, 89XD)
Robbie Anderson scores
Batting: RHB Tim Little 0-0: Ground out 5-3 (Groundball, 5S)
Top of the 4th over - 1 run(s), 2 hit(s), 0 error(s), 1 left on base; Oceanside 1 - Salt Lake City 2
BOTTOM OF THE 4TH
Salt Lake City Buzz batting - Pitching for Oceanside Aviators : RHP Eduardo Molina
Batting: SHB Wayne Saunders 0-0: Ball
1-0: Swinging Strike
1-1: Ball
2-1: Fly out, F5 (Popup, 5F)
Batting: RHB Don MacNeilage 0-0: Swinging Strike
0-1: Called Strike
0-2: Ball
1-2: Ball
2-2: Ball
3-2: Foul Ball, location: 2F
3-2: Foul Ball, location: 2F
3-2: Base on Balls
Batting: RHB Jim Coffey 0-0: Ball
1-0: Ball
2-0: Foul Ball, location: 2F
2-1: Ball
3-1: Base on Balls
Don MacNeilage to second
Batting: RHB Patrick Clark 0-0: Fly out, F4 (Line Drive, 4)
Batting: SHB Shelby Reusch 0-0: Ball
1-0: Swinging Strike
1-1: Ball
2-1: Ball
3-1: Foul Ball, location: 2F
3-2: Base on Balls
Don MacNeilage to third
Jim Coffey to second
Batting: RHB Roberto Ríos 0-0: Fly out, F8 (Flyball, 8RS)
Bottom of the 4th over - 0 run(s), 0 hit(s), 0 error(s), 3 left on base; Oceanside 1 - Salt Lake City 2
TOP OF THE 5TH
Oceanside Aviators batting - Pitching for Salt Lake City Buzz : RHP Mike Humphrey
Batting: RHB Jacob Holt 0-0: Called Strike
0-1: Ball
1-1: Swinging Strike
1-2: Ball
2-2: Fly out, F7 (Line Drive, 7M)
Batting: RHB Eric D'Angle 0-0: Ball
1-0: Called Strike
1-1: Fly out, F8 (Flyball, 8RM)
Batting: LHB Robert Bond 0-0: Called Strike
0-1: Ground out 4-3 (Groundball, 4)
Top of the 5th over - 0 run(s), 0 hit(s), 0 error(s), 0 left on base; Oceanside 1 - Salt Lake City 2
BOTTOM OF THE 5TH
Salt Lake City Buzz batting - Pitching for Oceanside Aviators : RHP Eduardo Molina
Batting: RHB Clint Anthony 0-0: Ball
1-0: Ball
2-0: Called Strike
2-1: Foul Ball, location: 2F
2-2: SINGLE (Line Drive, 78S)
Batting: SHB Raymond Bright 0-0: Ball
1-0: Called Strike
1-1: Fly out, F8 (Flyball, 8RM)
Batting: LHB Martín Núñes 0-0: Called Strike
0-1: Fielders Choice at 2nd, 1-6 (Groundball, 25)
Batting: SHB Wayne Saunders 0-0: Foul Ball, location: 2F
0-1: Ball
1-1: Ball
2-1: Ball
3-1: Fly out, F5 (Popup, 5F)
Bottom of the 5th over - 0 run(s), 1 hit(s), 0 error(s), 1 left on base; Oceanside 1 - Salt Lake City 2
TOP OF THE 6TH
Oceanside Aviators batting - Pitching for Salt Lake City Buzz : RHP Mike Humphrey
Batting: LHB George Valentine 0-0: Called Strike
0-1: Ball
1-1: Ball
2-1: Ball
3-1: Base on Balls
Batting: SHB Robbie Anderson 0-0: Ball
1-0: Ball
2-0: Called Strike
2-1: Fly out, F8 (Line Drive, 8LM)
Batting: LHB Morgan Carney 0-0: Foul Ball, location: 2F
0-1: Ball
1-1: Foul Ball, location: 2F
1-2: Ball
2-2: Foul Ball, location: 2F
2-2: Ball
3-2: SINGLE (Line Drive, 9S)
George Valentine to second
Batting: RHB Don Brown 0-0: Ball
1-0: Foul Ball, location: 2F
1-1: Ball
2-1: Foul Ball, location: 2F
2-2: SINGLE (Line Drive, 6MD)
George Valentine to third
Morgan Carney to second
Batting: RHB Juan Torres 0-0: Ball
1-0: Called Strike
1-1: Foul Ball, location: 2F
1-2: SINGLE (Groundball, 6MD)
George Valentine scores
Morgan Carney to third
Don Brown to second
Runner from 3rd tries for Home, SAFE, throw made home
Don Brown to third
Juan Torres to second
Batting: RHB Tim Little 0-0: Called Strike
0-1: Called Strike
0-2: Strikes out looking
Batting: RHB Jacob Holt 0-0: Called Strike
0-1: Ball
1-1: Ball
2-1: Fly out, F8 (Flyball, 8RXD)
Top of the 6th over - 2 run(s), 3 hit(s), 0 error(s), 2 left on base; Oceanside 3 - Salt Lake City 2
BOTTOM OF THE 6TH
Salt Lake City Buzz batting - Pitching for Oceanside Aviators : RHP Eduardo Molina
Batting: RHB Don MacNeilage 0-0: Called Strike
0-1: Ball
1-1: Swinging Strike
1-2: Ball
2-2: Strikes out swinging
Batting: RHB Jim Coffey 0-0: Called Strike
0-1: Ground out 1-3 (Groundball, 13S)
Batting: RHB Patrick Clark 0-0: Called Strike
0-1: Foul Ball, location: 2F
0-2: Strikes out swinging
Bottom of the 6th over - 0 run(s), 0 hit(s), 0 error(s), 0 left on base; Oceanside 3 - Salt Lake City 2
TOP OF THE 7TH
Oceanside Aviators batting - Pitching for Salt Lake City Buzz : RHP Mike Humphrey
Batting: RHB Eric D'Angle 0-0: Ball
1-0: SINGLE (Groundball, 6MD)
Batting: LHB Robert Bond 0-0: Ball
1-0: Sac Bunt - play at first, batter OUT! 1-4
Eric D'Angle to second
Batting: LHB George Valentine 0-0: Intentional Walk
Batting: SHB Robbie Anderson 0-0: Foul Ball, location: 2F
0-1: Fly out, F2 (Popup, 2RF)
Batting: LHB Morgan Carney 0-0: Fly out, F9 (Flyball, 89XD)
Top of the 7th over - 0 run(s), 1 hit(s), 0 error(s), 2 left on base; Oceanside 3 - Salt Lake City 2
BOTTOM OF THE 7TH
Salt Lake City Buzz batting - Pitching for Oceanside Aviators : RHP Eduardo Molina
Batting: SHB Shelby Reusch 0-0: Called Strike
0-1: Ball
1-1: Ball
2-1: Ground out 3-1 (Groundball, 34S)
Batting: RHB Roberto Ríos 0-0: Ball
1-0: Ball
2-0: Ball
3-0: Ground out 6-3 (Groundball, 6M)
Batting: RHB Clint Anthony 0-0: Swinging Strike
0-1: Ball
1-1: Foul Ball, location: 2F
1-2: Foul Ball, location: 2F
1-2: Strikes out swinging
Bottom of the 7th over - 0 run(s), 0 hit(s), 0 error(s), 0 left on base; Oceanside 3 - Salt Lake City 2
TOP OF THE 8TH
Oceanside Aviators batting - Pitching for Salt Lake City Buzz : RHP Mike Humphrey
Batting: RHB Don Brown 0-0: Ball
1-0: Ground out 5-3 (Groundball, 5)
Batting: RHB Juan Torres 0-0: Ball
1-0: Swinging Strike
1-1: Called Strike
1-2: Strikes out swinging
Batting: RHB Tim Little 0-0: Called Strike
0-1: Ball
1-1: Ball
2-1: Fly out, F5 (Popup, 15)
Top of the 8th over - 0 run(s), 0 hit(s), 0 error(s), 0 left on base; Oceanside 3 - Salt Lake City 2
BOTTOM OF THE 8TH
Salt Lake City Buzz batting - Pitching for Oceanside Aviators : RHP Eduardo Molina
Pitching: RHP David St. John
Now at C: Ingo van Ham
Now at 1B: Curt Bryant
Batting: SHB Raymond Bright 0-0: Fly out, F9 (Flyball, 89D)
Pitching: RHP Joaquín Rodríguez
Batting: LHB Martín Núñes 0-0: Called Strike
0-1: Foul Ball, location: 2F
0-2: Foul Ball, location: 2F
0-2: Foul Ball, location: 2F
0-2: Fly out, F2 (Popup, 2LF)
Batting: SHB Wayne Saunders 0-0: SINGLE (Line Drive, 6D)
Pinch Hitting: LHB Fernando González 0-0: Foul Ball, location: 2F
0-1: Ground out 4-3 (Groundball, 34)
Bottom of the 8th over - 0 run(s), 1 hit(s), 0 error(s), 1 left on base; Oceanside 3 - Salt Lake City 2
TOP OF THE 9TH
Oceanside Aviators batting - Pitching for Salt Lake City Buzz : RHP Mike Humphrey
Pitching: LHP Jim Unknown
Now at 3B: Ugo Brandini
Batting: RHB Jacob Holt 0-0: Ball
1-0: Ground out 1-3 (Groundball, 3S)
Pitching: LHP José Ortíz
Batting: RHB Eric D'Angle 0-0: Ball
1-0: Called Strike
1-1: Ball
2-1: Ground out 4-3 (Groundball, 4)
Batting: LHB Robert Bond 0-0: Hit by Pitch
Pinch Hitting: RHB Jason Shaffer 0-0: Called Strike
0-1: Ground out 5-3 (Groundball, 5)
Top of the 9th over - 0 run(s), 0 hit(s), 0 error(s), 1 left on base; Oceanside 3 - Salt Lake City 2
BOTTOM OF THE 9TH
Salt Lake City Buzz batting - Pitching for Oceanside Aviators : RHP Joaquín Rodríguez
Pitching: RHP Connor Phelps
Now at 2B: Michael Coleman
Now in LF: José Ramírez
Batting: RHB Jim Coffey 0-0: Foul Ball, location: 2F
0-1: Foul Ball, location: 2F
0-2: Ball
1-2: Ground out 6-3 (Groundball, 6M)
Batting: RHB Patrick Clark 0-0: Ball
1-0: Called Strike
1-1: Foul Ball, location: 2F
1-2: Foul Ball, location: 2F
1-2: SINGLE (Groundball, 34D)
Pinch Hitting: RHB Ichiyo Fujii 0-0: Ball
1-0: Ball
2-0: Called Strike
2-1: Ball
3-1: Called Strike
3-2: Foul Ball, location: 2F
3-2: Base on Balls
Patrick Clark to second
Batting: RHB Roberto Ríos 0-0: Foul Ball, location: 2F
0-1: Ball
1-1: Ball
2-1: Grounds into double play, 6-4-3 (Groundball, 6)
Bottom of the 9th over - 0 run(s), 1 hit(s), 0 error(s), 1 left on base; Oceanside 3 - Salt Lake City 2
This league is powered by Out of the Park Baseball, the baseball management simulation game for PC, Mac and Linux
Friday, October 23rd, 2015 - OOTP Baseball 16.9 Build 39